[Event "Team 45 45 League T34"]
[Site "Internet Chess Club"]
[Date "2007.08.23"]
[Round "5"]
[White "Zornorph"]
[Black "shakkimestari"]
[Result "1-0"]
[WhiteElo "2015"]
[BlackElo "1902"]
[Opening "English: four knights, kingside fianchetto"]
[ECO "A29"]
[Time "09:24:00"]
[TimeControl "2700+45"]

1. c4 e5 2. Nc3 Nf6 3. Nf3 Nc6 4. g3 d6 5. d4 Bg4 6. d5 Bxf3 7. exf3 Nd4 8. Be3
c5 9. dxc6 Nxc6 10. Bg2 Qc7 11. O-O a6 12. Rc1 Qd7 13. Re1 Be7 14. Nd5 Bd8 15.
f4 O-O 16. fxe5 Nxe5 17. c5 dxc5 18. Bxc5 Re8 19. Rxe5 Rxe5 20. Nxf6+ Bxf6 21.
Qxd7 Rae8 {Black resigns} 1-0

[Event "Team 45 45 League T34"]
[Site "Internet Chess Club"]
[Date "2007.08.19"]
[Round "5"]
[White "chinta"]
[Black "kabindra"]
[Result "0-1"]
[WhiteElo "1632"]
[BlackElo "1755"]
[Opening "French: Labourdonnais variation"]
[ECO "C00"]
[Time "11:00:46"]
[TimeControl "2700+45"]

1. e4 e6 2. f4 d5 3. e5 Nc6 4. Nf3 Nge7 5. d4 Ng6 6. a3 Be7 7. Bd3 Bh4+ 8. g3
Be7 9. Be3 Na5 10. c3 Bd7 11. Nbd2 Rc8 12. b4 Nc4 13. Nxc4 dxc4 14. Bxc4 b5 15.
Bd3 Bc6 16. Bxg6 hxg6 17. Ra2 Bd5 18. Rf2 Bc4 19. Nd2 Bd3 20. Nf3 Bc4 21. Ng5 c6
22. Ne4 a5 23. Rd2 axb4 24. axb4 Qd5 25. Qf3 Ra8 26. Kf2 O-O 27. h4 Ra2 28. h5
Rxd2+ 29. Bxd2 Ra8 30. hxg6 fxg6 31. Rh3 Ra1 32. Ke3 Bf1 33. Rh1 Qc4 34. Kf2 Be2
35. Qg2 Ra2 36. Qh3 Bd3 37. Qh8+ Kf7 38. Nd6+ Bxd6 39. exd6 Rxd2+ 40. Kg1 Rd1+
41. Kh2 Qa2+ 42. Kh3 Rxh1+ {White resigns} 0-1

[Event "Team 45 45 League T34"]
[Site "Internet Chess Club"]
[Date "2007.08.18"]
[Round "5"]
[White "jaybird"]
[Black "NFK"]
[Result "1/2-1/2"]
[WhiteElo "1642"]
[BlackElo "1714"]
[Opening "English opening"]
[ECO "A21"]
[Time "10:26:33"]
[TimeControl "2700+45"]

1. c4 e5 2. Nc3 f5 3. g3 Nf6 4. Bg2 c6 5. d4 e4 6. Nh3 Bb4 7. O-O O-O 8. Qb3
Bxc3 9. bxc3 d5 10. cxd5 cxd5 11. Bg5 Nc6 12. a4 b6 13. Nf4 Ne7 14. c4 dxc4 15.
Qxc4+ Kh8 16. Ne6 Bxe6 17. Qxe6 Nfd5 18. Bxe7 Nxe7 19. Rfd1 Nd5 20. Qc6 Rf6 21.
Qc1 Rc8 22. Qd2 Rfc6 23. e3 Rc2 24. Qe1 Qc7 25. Rd2 Nb4 26. Bf1 Qc3 27. Rxc2
Nxc2 28. Qxc3 Rxc3 29. Rc1 Kg8 30. Rd1 Kf8 31. d5 Ke8 32. d6 Nb4 33. d7+ Kd8 34.
Rd4 Nd3 35. Rd5 g6 36. a5 Rc5 37. Rd4 Rxa5 38. Bxd3 exd3 39. Rxd3 Rc5 40. Kf1
Rc7 41. Ke2 Rxd7 42. Rb3 Ke7 43. f3 Ke6 44. Rb4 Rb7 45. e4 b5 46. exf5+ gxf5 47.
Kd3 a5 48. Rb1 a4 49. Kc3 Kd5 50. Kb4 Kd4 51. f4 h5 52. Rb2 Rc7 53. Rg2 Rb7 54.
Ra2 Ke3 55. Rc2 Kf3 56. Rc5 Kg4 57. Rc2 h4 58. Rc3 hxg3 59. hxg3 Kh5 60. Rd3 Kg6
61. Rd6+ Kf7 62. Rh6 Kg7 63. Rh4 Kg6 64. Rh2 Rh7 65. Rg2 Rb7 66. Rd2 Kf6 67.
Rd6+ Ke7 68. Rh6 Rb8 69. Rh7+ Ke6 70. Rc7 Kd5 71. Rc3 Ke4 72. Ra3 Kd4 73. Rc3
{Game drawn by mutual agreement} 1/2-1/2

[Event "Team 45 45 League T34"]
[Site "Internet Chess Club"]
[Date "2007.08.20"]
[Round "5"]
[White "BrerRabbit"]
[Black "tammany"]
[Result "0-1"]
[WhiteElo "1576"]
[BlackElo "1768"]
[Opening "Queen's Indian: 4.e3"]
[ECO "E14"]
[Time "15:05:21"]
[TimeControl "2700+45"]

1. d4 Nf6 2. c4 e6 3. Nf3 b6 4. e3 Bb7 5. Bd3 Ne4 6. O-O d5 7. a3 c5 8. cxd5
exd5 9. b3 Bd6 10. Bb2 O-O 11. Nbd2 Nd7 12. Rc1 Ndf6 13. h3 Rc8 14. Bb5 cxd4 15.
Nxd4 Nxd2 16. Qxd2 Ne4 17. Qe2 Qg5 18. Nf3 Qh6 19. Rfd1 Rxc1 20. Rxc1 Bc8 21.
Rd1 Qg6 22. Nh4 Qg5 23. Nf3 Qh5 24. Nd4 Qg6 25. g4 f5 26. f3 Ng3 27. Qg2 fxg4
28. hxg4 h5 29. Bd3 Qh6 30. f4 Bxg4 31. Rc1 Bxf4 32. exf4 Qxf4 33. Qxd5+ Kh8 34.
Qg2 Qe3+ 35. Kh2 Rf2 36. Ne6 Bxe6 37. Kg1 Rxg2+ 38. Kxg2 Bd5+ 39. Kh2 Qf2+ 40.
Kh3 Be6+ 41. Kh4 Ne4+ 42. Kxh5 Qf3+ 43. Kg6 Qg4# {White checkmated} 0-1

[Event "Team 45 45 League T34"]
[Site "Internet Chess Club"]
[Date "2007.08.16"]
[Round "5"]
[White "Steven902"]
[Black "CLH"]
[Result "1/2-1/2"]
[WhiteElo "1794"]
[BlackElo "1851"]
[Opening "English: Anglo-Dutch defense"]
[ECO "A10"]
[Time "13:59:11"]
[TimeControl "2700+45"]

1. c4 f5 2. Nc3 Nf6 3. g3 e6 4. Bg2 c6 5. Nf3 d5 6. cxd5 cxd5 7. O-O Bd7 8. d3
Bd6 9. b3 O-O 10. Bb2 Nc6 11. Rc1 Rc8 12. Nb5 Bb8 13. Ba3 Re8 14. Nd6 Bxd6 15.
Bxd6 e5 16. Qd2 Re6 17. Ba3 h6 18. Bb2 Be8 19. Rc2 e4 20. Nd4 Nxd4 21. Bxd4 a6
22. Rfc1 Rec6 23. Rxc6 Rxc6 24. Rxc6 Bxc6 25. Qc3 Kf7 26. Qd2 Qd6 27. Bh3 Bd7
28. Qc3 Nh5 29. Be5 Qc6 30. Qd2 g5 31. dxe4 dxe4 32. e3 Nf6 33. Bf1 b5 34. a4
Qd5 35. Qc3 Qc6 36. Qd2 Qd5 37. Qc3 Qc6 {Game drawn by mutual agreement} 1/2-1/2

[Event "Team 45 45 League T34"]
[Site "Internet Chess Club"]
[Date "2007.08.21"]
[Round "5"]
[White "az2112"]
[Black "FiendAngelical"]
[Result "0-1"]
[WhiteElo "1732"]
[BlackElo "1855"]
[Opening "Réti: King's Indian attack"]
[ECO "A05"]
[Time "18:59:47"]
[TimeControl "2700+45"]

1. Nf3 Nf6 2. g3 g6 3. Bg2 Bg7 4. O-O O-O 5. d3 d6 6. e4 e5 7. Nc3 Nbd7 8. h3
Ne8 9. Ng5 h6 10. Nf3 f5 11. Ne2 Nc5 12. exf5 gxf5 13. d4 Ne6 14. dxe5 dxe5 15.
Qxd8 Nxd8 16. Bd2 Nd6 17. Bc3 Nc6 18. Rad1 Ne4 {White resigns} 0-1

[Event "Team 45 45 League T34"]
[Site "Internet Chess Club"]
[Date "2007.08.19"]
[Round "5"]
[White "hidude"]
[Black "Chess2Play"]
[Result "0-1"]
[WhiteElo "1456"]
[BlackElo "1668"]
[Opening "Sicilian: accelerated fianchetto, modern variation"]
[ECO "B34"]
[Time "10:56:46"]
[TimeControl "2700+45"]

1. e4 c5 2. Nf3 Nc6 3. d4 cxd4 4. Nxd4 g6 5. Nc3 Bg7 6. Be3 Nf6 7. f3 O-O 8. Qd2
Re8 9. O-O-O d6 10. Bb5 Bd7 11. h4 Qa5 12. Nb3 Qc7 13. h5 Na5 14. Nxa5 Qxa5 15.
Bxd7 Nxd7 16. hxg6 fxg6 17. Qd5+ Qxd5 18. Nxd5 Rac8 19. a3 b6 20. g4 Nc5 21. Bh6
Be5 22. f4 Bg7 23. Bxg7 Kxg7 24. Rh3 Nxe4 25. f5 Nf2 26. Rdh1 Nxh1 27. Rxh1 Rc5
28. Ne3 Rh8 29. fxg6 Kxg6 30. Kd2 h5 31. Kd3 h4 32. Ng2 Kg5 33. Ne3 h3 34. Ke2
a5 35. Kf3 a4 36. Kg3 Rb5 37. Nc4 d5 38. Ne5 Rh7 39. Nf3+ Kf6 40. g5+ Kg7 41.
Kf4 Rxb2 42. Kf5 Rxc2 43. Nd4 Rf2+ 44. Ke6 h2 45. Nf5+ Kf8 46. g6 Re2+ 47. Kd7
Rh5 48. Ng3 Ree5 49. Nxh5 Rxh5 50. Kc6 d4 51. Kd7 d3 52. Rf1+ Kg7 53. Kxe7 h1=Q
54. Rf7+ Kxg6 55. Rf6+ Kg5 56. Rxb6 Qe4+ 57. Kd7 Rh7+ 58. Kc8 Qa8+ 59. Rb8 Rh8+
60. Kc7 Qxb8+ 61. Kc6 Rd8 62. Kc5 Qc7+ 63. Kb5 Rb8+ 64. Kxa4 Qa7# {White
checkmated} 0-1

[Event "Team 45 45 League T34"]
[Site "Internet Chess Club"]
[Date "2007.08.20"]
[Round "5"]
[White "Karpyan"]
[Black "chickenhead"]
[Result "1/2-1/2"]
[WhiteElo "1885"]
[BlackElo "1905"]
[Opening "French: Albin-Alekhine-Châtard attack, Breyer variation"]
[ECO "C13"]
[Time "16:02:07"]
[TimeControl "2700+45"]

1. e4 e6 2. d4 d5 3. Nc3 Nf6 4. Bg5 Be7 5. e5 Nfd7 6. h4 c5 7. Bxe7 Qxe7 8. Nb5
Na6 9. Nd6+ Kd8 10. Bxa6 bxa6 11. Qd2 cxd4 12. Qa5+ Nb6 13. Nf3 f6 14. Nxd4 Qc7
15. f4 fxe5 16. fxe5 Rf8 17. Rf1 Rxf1+ 18. Kxf1 Bd7 19. Kg1 Nc4 20. Nxc4 dxc4
21. Qxc7+ Kxc7 22. Rf1 Rb8 23. b3 cxb3 24. axb3 Rg8 25. Rf7 Kd8 26. Kf2 Ke8 27.
Rf3 Rf8 28. Rxf8+ Kxf8 29. Ke3 Ke7 30. Kd2 Kd8 31. b4 Kc7 32. c4 g6 33. g4 h6
34. g5 hxg5 35. hxg5 Kb6 36. Kc3 Kb7 37. Nb3 Kb6 38. Nc5 Bc8 39. Kd4 a5 40. Na4+
Ka6 41. b5+ Kb7 42. c5 Kc7 43. Kc4 Bd7 44. c6 Be8 45. Kc5 Bf7 46. Nb2 Be8 47.
Nc4 a4 48. Na3 Bf7 49. Nc2 Be8 50. Kb4 a6 51. Kxa4 axb5+ 52. Kxb5 Bxc6+ 53. Kc5
Bd5 54. Nd4 Kd7 55. Ne2 Be4 56. Nf4 Bf5 57. Kb6 Be4 {Game drawn by mutual
agreement} 1/2-1/2

[Event "Team 45 45 League T34"]
[Site "Internet Chess Club"]
[Date "2007.08.18"]
[Round "5"]
[White "VanillaQueen"]
[Black "Nidus"]
[Result "1-0"]
[WhiteElo "1829"]
[BlackElo "1860"]
[Opening "Queen's pawn game"]
[ECO "D04"]
[Time "07:45:28"]
[TimeControl "2700+45"]

1. d4 Nf6 2. Nf3 d5 3. e3 b6 4. Bd3 e6 5. c3 Bb7 6. O-O c5 7. Nbd2 Be7 8. Qe2
O-O 9. e4 dxe4 10. Nxe4 Nbd7 11. Rd1 Qc7 12. Bg5 h6 13. Bh4 Rfe8 14. dxc5 Bxe4
15. Bxe4 Nxe4 16. Qxe4 Nxc5 17. Qc4 Bxh4 18. Nxh4 Rac8 19. Rd4 e5 20. Rd5 e4 21.
Nf5 Re6 22. Rad1 Nd3 23. Qd4 Rg6 24. Rd7 Qf4 25. Ne7+ Kh7 26. Nxg6 Kxg6 27. Rxd3
{Black resigns} 1-0

[Event "Team 45 45 League T34"]
[Site "Internet Chess Club"]
[Date "2007.08.18"]
[Round "5"]
[White "SATELLITE-DAN"]
[Black "Ingo"]
[Result "1/2-1/2"]
[WhiteElo "1578"]
[BlackElo "1761"]
[Opening "French: advance, Paulsen attack"]
[ECO "C02"]
[Time "09:03:02"]
[TimeControl "2700+45"]

1. e4 e6 2. d4 d5 3. e5 c5 4. c3 Nc6 5. Nf3 Qb6 6. Be2 Bd7 7. O-O Rc8 8. dxc5
Bxc5 9. Nbd2 f6 10. b4 Be7 11. exf6 Nxf6 12. Bb2 O-O 13. Rc1 a6 14. a3 e5 15. c4
d4 16. c5 Qc7 17. Bc4+ Kh8 18. Ng5 Nd8 19. Qc2 h6 20. Nge4 Ne6 21. Qb3 Nxe4 22.
Nxe4 Ng5 23. Nxg5 Bxg5 24. Rce1 Bc6 25. Qc2 Bf6 26. Bc1 e4 27. Rxe4 Bxe4 28.
Qxe4 g5 29. f4 Qe7 {Game drawn by mutual agreement} 1/2-1/2

[Event "Team 45 45 League T34"]
[Site "Internet Chess Club"]
[Date "2007.08.20"]
[Round "5"]
[White "Lazerpawn"]
[Black "Konstantinos"]
[Result "1-0"]
[WhiteElo "1680"]
[BlackElo "1575"]
[Opening "KGA: Fischer defense"]
[ECO "C34"]
[Time "09:05:34"]
[TimeControl "2700+45"]

1. e4 e5 2. f4 exf4 3. Nf3 d6 4. Bc4 h6 5. d3 Nc6 6. Bxf4 Bd7 7. Nc3 Nf6 8. O-O
g5 9. Bd2 Qe7 10. Nd5 Nxd5 11. exd5 Ne5 12. Nxe5 dxe5 13. d6 Qxd6 14. Bxf7+ Kd8
15. Qh5 Bg7 16. Bc3 Kc8 17. Rae1 b6 18. Bb3 Be6 19. Qg6 Bxb3 20. Qxg7 Rg8 21.
Qxe5 Qxe5 22. Rxe5 Bxc2 23. Re7 Kb7 24. Rff7 Bxd3 25. Rxc7+ Ka6 26. Bg7 h5 27.
a4 Rgc8 28. b4 Rxc7 29. Rxc7 g4 30. Bc3 b5 31. a5 Be4 32. Bd4 Bf5 33. Kf2 Bg6
34. Kg3 Be4 35. Bc5 Bd5 36. Bd4 Be4 37. Re7 Bd5 38. Rh7 Be4 39. Re7 Bd5 40. Kf2
h4 41. Rg7 h3 42. gxh3 gxh3 43. Ke3 Bg2 44. Kf4 Bf1 45. Ke5 Bg2 46. Bc5 Bh1 47.
Kd6 Bf3 48. Kc7 Be4 49. Rf7 {Black resigns} 1-0

[Event "Team 45 45 League T34"]
[Site "Internet Chess Club"]
[Date "2007.08.18"]
[Round "5"]
[White "vaibhav"]
[Black "dedo2"]
[Result "1/2-1/2"]
[WhiteElo "2374"]
[BlackElo "2282"]
[Opening "French: Tarrasch, open variation, main line"]
[ECO "C09"]
[Time "09:52:22"]
[TimeControl "2700+45"]

1. e4 e6 2. d4 d5 3. Nd2 c5 4. exd5 exd5 5. Ngf3 Nc6 6. Bb5 Bd6 7. dxc5 Bxc5 8.
O-O Ne7 9. Nb3 Bd6 10. Re1 O-O 11. Nbd4 Bg4 12. Be2 Rc8 13. h3 Bh5 14. Bg5 Qb6
15. Nb3 Bb8 16. Qd2 Qc7 17. g3 Qd7 18. Nc5 Qxh3 19. Bf1 Qg4 20. Nh2 Qf5 21. Bd3
Qh3 22. Rxe7 Bd6 23. Bf1 Qf5 24. Bd3 Qh3 25. Bf1 Qf5 26. Bd3 {Game drawn by
mutual agreement} 1/2-1/2

[Event "Team 45 45 League T34"]
[Site "Internet Chess Club"]
[Date "2007.08.20"]
[Round "5"]
[White "alegro"]
[Black "Allessia"]
[Result "0-1"]
[WhiteElo "2117"]
[BlackElo "2225"]
[Opening "Sicilian: Nimzovich-Rossolimo attack (with ...g6, without ...d6)"]
[ECO "B31"]
[Time "14:08:49"]
[TimeControl "2700+45"]

1. e4 c5 2. Nf3 Nc6 3. Bb5 g6 4. Bxc6 dxc6 5. d3 Bg7 6. c3 Bg4 7. h3 Bxf3 8.
Qxf3 Nf6 9. O-O O-O 10. Na3 Qd7 11. Bf4 Rfe8 12. Nc4 Nh5 13. Be5 b5 14. Bxg7
bxc4 15. Bh6 cxd3 16. Rad1 c4 17. b3 Qe6 18. bxc4 Qxc4 19. Rxd3 Qxa2 20. Rd7 a5
21. g4 Ng7 22. Rfd1 Ne6 23. Rb7 a4 24. Rdd7 Qa1+ 25. Kg2 Qa3 26. e5 Qc5 27. Rd6
a3 28. Rxc6 Qxe5 29. Rb1 Ng5 30. Bxg5 Qxg5 31. Ra1 a2 32. Rb6 Qd2 33. Rb4 Rec8
34. Rd4 Qb2 35. Rdd1 Ra3 36. Rdc1 e5 37. Qd5 Rcxc3 38. Rxc3 Qxc3 39. Rxa2 Qxh3+
40. Kg1 Qxg4+ 41. Kf1 Rxa2 42. Qxa2 Kg7 43. Qd5 Qf4 {White resigns} 0-1

[Event "Team 45 45 League T34"]
[Site "Internet Chess Club"]
[Date "2007.08.21"]
[Round "5"]
[White "Ozgur-Bjk"]
[Black "mito"]
[Result "1-0"]
[WhiteElo "2183"]
[BlackElo "2112"]
[Opening "QGD Slav defense: exchange variation"]
[ECO "D10"]
[Time "15:35:43"]
[TimeControl "2700+45"]

1. d4 d5 2. c4 c6 3. cxd5 cxd5 4. Nc3 Nc6 5. Nf3 Bf5 6. Bf4 e6 7. e3 Bd6 8. Bxd6
Qxd6 9. Bd3 Bxd3 10. Qxd3 Nf6 11. O-O O-O 12. Rfc1 Rfc8 13. a3 a6 14. Na4 Rab8
15. Rc2 Rd8 16. Rac1 h6 17. b4 Ne4 18. Nd2 Nxd2 19. Qxd2 e5 20. Nc5 e4 21. Nxb7
{Black resigns} 1-0

[Event "Team 45 45 League T34"]
[Site "Internet Chess Club"]
[Date "2007.08.16"]
[Round "5"]
[White "tini3blas"]
[Black "zoneblitz"]
[Result "1-0"]
[WhiteElo "2128"]
[BlackElo "2067"]
[Opening "KGD: Falkbeer, 4.d3"]
[ECO "C32"]
[Time "18:03:25"]
[TimeControl "2700+45"]

1. e4 e5 2. f4 d5 3. exd5 e4 4. d3 Nf6 5. Nc3 Bb4 6. dxe4 Nxe4 7. Qd3 O-O 8. Nf3
Re8 9. Be2 c6 10. O-O Bc5+ 11. Kh1 Nf2+ 12. Rxf2 Bxf2 13. Ng5 f5 14. Qf3 Bb6 15.
Qh5 h6 16. Qf7+ Kh8 17. Ne6 Bxe6 18. dxe6 Qe7 19. g4 Qxf7 20. exf7 Rf8 21. Bc4
fxg4 22. f5 Bc7 23. Be3 Nd7 24. Be6 Ne5 25. Bc5 Rfb8 26. Rd1 Nf3 27. f6 gxf6 28.
Bxg4 Nxh2 29. Be6 Nf3 30. Ne4 Be5 31. Kg2 Ng5 32. Nxg5 fxg5 33. Re1 Bxb2 34. Bd7
h5 35. Re8+ Rxe8 36. fxe8=Q+ Rxe8 37. Bxe8 h4 38. Bxa7 g4 39. Bd7 g3 40. Bb6 Kg7
41. a4 Kg6 42. Bc8 Bf6 43. Bxb7 Kf5 44. a5 Kf4 45. a6 h3+ 46. Kxh3 {Black
resigns} 1-0

[Event "Team 45 45 League T34"]
[Site "Internet Chess Club"]
[Date "2007.08.17"]
[Round "5"]
[White "DTK"]
[Black "nardz"]
[Result "1-0"]
[WhiteElo "2192"]
[BlackElo "2127"]
[Opening "Sicilian"]
[ECO "B50"]
[Time "11:59:24"]
[TimeControl "2700+45"]

1. e4 c5 2. Nf3 d6 3. c3 Nf6 4. Bd3 Bg4 5. Bc2 Nc6 6. d3 e6 7. Nbd2 Be7 8. h3
Bh5 9. Nf1 O-O 10. Ng3 Bg6 11. O-O d5 12. Qe2 dxe4 13. dxe4 Qc7 14. Re1 Rfd8 15.
Nh4 Rd7 16. Nxg6 hxg6 17. e5 Nd5 18. f4 a6 19. Ne4 b5 20. Qg4 b4 21. c4 Nb6 22.
b3 Nd4 23. Bd1 Rad8 24. Be3 Nc8 25. h4 Nf5 26. Bf2 Rd3 27. Bc2 R3d7 28. h5 gxh5
29. Qxh5 g6 30. Qg4 Kg7 31. Rad1 Rxd1 32. Rxd1 Rxd1+ 33. Qxd1 Nb6 34. g4 Nh6 35.
Kg2 Qd7 36. Bxc5 Bxc5 37. Nxc5 Qc6+ 38. Ne4 Nd7 39. Qf3 Ng8 40. Nd6 Qc5 41. Be4
g5 42. Qh3 Nf8 43. Ne8# {Black checkmated} 1-0

[Event "Team 45 45 League T34"]
[Site "Internet Chess Club"]
[Date "2007.08.15"]
[Round "5"]
[White "cascarillo"]
[Black "BoondockSaints"]
[Result "0-1"]
[WhiteElo "2037"]
[BlackElo "2159"]
[Opening "Sicilian: Anderssen variation"]
[ECO "B41"]
[Time "11:34:36"]
[TimeControl "2700+45"]

1. e4 c5 2. Nf3 e6 3. d4 cxd4 4. Nxd4 Nf6 5. Nc3 Nc6 6. Ndb5 Bb4 7. Bf4 e5 8.
Bg5 O-O 9. a3 Bc5 10. Qf3 Be7 11. O-O-O a6 12. Bxf6 Bxf6 13. Nd6 Nd4 14. Qg4 Qc7
15. Nxc8 Raxc8 16. Bd3 Qb6 17. Nd5 Qc6 18. Kb1 Bd8 19. c3 Ne6 20. g3 Nc5 21. Bc2
Re8 22. Rde1 Qe6 23. Qh5 b5 24. f4 exf4 25. gxf4 g6 26. Rhg1 Bf6 27. f5 Qxd5 28.
exd5 Rxe1+ 29. Ka2 Rxg1 30. fxg6 hxg6 31. Qf3 Kg7 32. Qf2 Rg5 33. Qf3 Rh8 34.
Qe3 d6 35. h3 Rgh5 36. h4 Rxd5 37. Be4 Re5 {White resigns} 0-1

[Event "Team 45 45 League T34"]
[Site "Internet Chess Club"]
[Date "2007.08.21"]
[Round "5"]
[White "WesleyCrusher"]
[Black "mitus"]
[Result "1-0"]
[WhiteElo "2130"]
[BlackElo "1872"]
[Opening "Ruy Lopez: open, St. Petersburg variation"]
[ECO "C82"]
[Time "15:02:15"]
[TimeControl "2700+45"]

1. e4 e5 2. Nf3 Nc6 3. Bb5 a6 4. Ba4 Nf6 5. O-O Nxe4 6. d4 b5 7. Bb3 d5 8. dxe5
Be6 9. c3 Bc5 10. Nbd2 f5 11. Nxe4 fxe4 12. Ng5 Qe7 13. Nxe6 Qxe6 14. Qxd5 Qxd5
15. Bxd5 Kd7 16. Rd1 Rad8 17. Bg5 Ne7 18. b4 Bb6 19. Bf7+ {Black resigns} 1-0

[Event "Team 45 45 League T34"]
[Site "Internet Chess Club"]
[Date "2007.08.15"]
[Round "5"]
[White "siddhu"]
[Black "Amauta"]
[Result "0-1"]
[WhiteElo "1792"]
[BlackElo "1991"]
[Opening "Pirc: classical (two knights) system"]
[ECO "B06"]
[Time "15:32:29"]
[TimeControl "2700+45"]

1. e4 g6 2. d4 Bg7 3. Nc3 d6 4. Nf3 Nf6 5. Bg5 Bg4 6. h3 Be6 7. Qd2 O-O 8. O-O-O
c6 9. Bh6 a5 10. Bxg7 Kxg7 11. Ng5 b5 12. d5 cxd5 13. exd5 Bd7 14. Bxb5 Bxb5 15.
Nxb5 h6 16. Nf3 Qb6 17. Nc3 Nbd7 18. Na4 Qb4 19. Qxb4 axb4 20. b3 Ra5 21. c4
bxc3 22. Nxc3 Nb6 23. Rhe1 Nbxd5 24. Nxd5 Nxd5 25. Kb2 e6 26. g3 Rfa8 27. a4 Rb8
28. Ka3 Nb4 29. Re4 Nd5 30. Rc4 Rb6 31. b4 Ra8 32. Nd4 Rba6 33. a5 Rb8 34. Rb1
Nxb4 35. Rbxb4 Rxa5+ 36. Kb3 Rxb4+ 37. Rxb4 e5 38. Rb5 Ra1 39. Ne2 Rf1 40. Kc3
Rxf2 41. Kd2 Kf6 42. Rd5 Ke6 43. Ra5 g5 44. Ra8 Rh2 45. h4 gxh4 46. gxh4 Rxh4
47. Ra3 f5 48. Ke1 f4 49. Kf2 Rh2+ 50. Kf1 h5 51. Ng1 e4 52. Nh3 Ke5 53. Ng5 d5
54. Nf7+ Kf5 55. Ra5 f3 56. Rxd5+ Kf4 57. Rg5 e3 {White resigns} 0-1

[Event "Team 45 45 League T34"]
[Site "Internet Chess Club"]
[Date "2007.08.18"]
[Round "5"]
[White "Yarosavich"]
[Black "Guinness"]
[Result "0-1"]
[WhiteElo "2262"]
[BlackElo "2260"]
[Opening "Queen's pawn game, Chigorin variation"]
[ECO "D02"]
[Time "21:05:20"]
[TimeControl "2700+45"]

1. d4 d5 2. Nf3 Nc6 3. c4 Bg4 4. cxd5 Bxf3 5. gxf3 Qxd5 6. e3 e5 7. Nc3 Bb4 8.
Bd2 Bxc3 9. bxc3 Qd6 10. Rb1 b6 11. Bg2 Nge7 12. O-O O-O 13. f4 exf4 14. e4 Rad8
15. e5 Qh6 16. Re1 Na5 17. Qg4 Qg6 18. Qxf4 Nc4 19. Rbd1 Nb2 20. Kh1 Nxd1 21.
Rxd1 Qe6 22. Rg1 c5 23. Be4 f5 24. Bf3 Rd7 25. Qg5 Ng6 26. h4 Rff7 27. h5 Nf8
28. Bd1 Qxa2 29. Be3 Ne6 30. Qg2 cxd4 31. cxd4 f4 32. Bc1 Nxd4 33. Bg4 Rd8 34.
Rd1 b5 35. Kh2 f3 36. Qg3 Qc2 37. Re1 Ne2 38. Qh4 Re8 39. e6 Qc7+ 40. Kh1 Rfe7
41. Bg5 Rxe6 42. Bxe6+ Rxe6 43. Rb1 h6 44. Be3 Qc6 45. Bxa7 Re4 46. Qd8+ Kh7 47.
Qd3 Qd5 48. Qxd5 Rh4# {White checkmated} 0-1

[Event "Team 45 45 League T34"]
[Site "Internet Chess Club"]
[Date "2007.08.19"]
[Round "5"]
[White "LeSacAttack"]
[Black "JustinSane"]
[Result "1/2-1/2"]
[WhiteElo "2199"]
[BlackElo "2128"]
[Opening "French: Winawer, advance, Russian variation"]
[ECO "C17"]
[Time "16:53:52"]
[TimeControl "2700+45"]

1. e4 e6 2. d4 d5 3. Nc3 Bb4 4. e5 c5 5. Qg4 Ne7 6. dxc5 d4 7. a3 Ba5 8. b4 dxc3
9. bxa5 O-O 10. a6 Qc7 11. axb7 Bxb7 12. Ne2 Nd7 13. Qd4 Nxc5 14. Qxc3 Rac8 15.
Be3 Nd5 16. Qxc5 Qxc5 17. Bxc5 Rxc5 18. O-O-O Nb6 19. f4 Rfc8 20. Rd2 Nc4 21.
Rd7 Be4 22. Rxa7 Ne3 23. Kd2 Nxc2 24. Ng3 Rd8+ 25. Ke2 Bc6 26. Kf2 h5 27. Nxh5
Rd2+ 28. Be2 Bb5 29. Ng3 Rc4 30. Nf1 Rxf4+ 31. Kg3 Rxe2 32. Kxf4 Rf2+ 33. Kg3
Rxf1 34. Rxf1 Bxf1 35. a4 Nd4 36. a5 Nc6 37. Ra8+ Kh7 38. a6 Bxa6 39. Rxa6 Nxe5
40. Kf4 Ng6+ 41. Kg5 f6+ 42. Kg4 e5 43. g3 Nf8 44. Kf5 {Game drawn by mutual
agreement} 1/2-1/2

[Event "Team 45 45 League T34"]
[Site "Internet Chess Club"]
[Date "2007.08.16"]
[Round "5"]
[White "Gil-galad"]
[Black "izit"]
[Result "0-1"]
[WhiteElo "2052"]
[BlackElo "2110"]
[Opening "King's Indian: orthodox, Aronin-Taimanov, bayonet attack"]
[ECO "E97"]
[Time "15:02:51"]
[TimeControl "2700+45"]

1. d4 Nf6 2. c4 g6 3. Nc3 Bg7 4. e4 O-O 5. Be2 d6 6. Nf3 e5 7. O-O Nc6 8. d5 Ne7
9. b4 Nh5 10. Re1 f5 11. Ng5 Nf6 12. Bf3 c6 13. Be3 h6 14. Ne6 Bxe6 15. dxe6
fxe4 16. Nxe4 Nxe4 17. Bxe4 d5 18. cxd5 cxd5 19. Bc5 dxe4 20. Qxd8 Rfxd8 21.
Bxe7 Re8 22. Bc5 b6 23. Be3 Kf8 24. Rac1 Rac8 25. Red1 Rxc1 26. Rxc1 Rxe6 27.
Rc4 b5 28. Rxe4 Ra6 29. Bc5+ Kf7 30. Re2 Ke6 31. f3 Kd5 32. Kf2 h5 33. Rd2+ Kc4
34. Ke2 Bh6 35. Rc2+ Kd5 36. h3 Ra3 37. Bf2 a6 38. Rc5+ Kd6 39. Rc2 Kd5 40. Rc5+
Ke6 41. Rc2 Kf5 42. Ba7 Bf8 43. Bc5 Bg7 44. Bf2 Ra4 45. Bc5 Kf4 46. Kf2 Bf6 47.
g3+ Kf5 48. Rd2 Ra3 49. Re2 Bg5 50. Bd6 Bf6 51. Bc5 Rc3 52. Re3 Rc2+ 53. Re2 Rc3
54. Re3 Rc2+ 55. Re2 Rxe2+ 56. Kxe2 e4 57. Ke3 exf3 58. Kxf3 Bb2 59. Bf8 Ba3 60.
g4+ Ke5 61. Bg7+ Kd5 62. gxh5 gxh5 63. Kg3 Ke6 64. Kh4 Kf7 65. Bc3 Kg6 66. Kg3
Kf5 67. Kh4 Kg6 68. Kg3 Bc1 69. Kf3 Kf5 70. Bd4 Bd2 71. Bc5 Ke5 72. Ke2 Bg5 73.
Kd3 Kf4 74. Be3+ Kf5 75. Bc5 Bf6 76. Ke3 Bc3 77. Kd3 Be1 78. Ke2 Bh4 79. Kf3 Ke5
80. Ke3 Bg5+ 81. Kd3 Kd5 82. Bf8 Bh4 83. Bg7 Be7 84. Bc3 Bd6 85. Bd2 Ke5 86. Ke3
Bf8 87. Bc3+ Kf5 88. Kf3 Bd6 89. Bd2 Be5 90. Be3 Bc3 91. Bc5 Bb2 92. Be3 Ba3 93.
Bd2 Bb2 94. Be3 Bf6 95. Bd2 Bd4 96. Be3 Ke5 97. Bd2 Kd5 98. Kf4 Bf6 99. Kf5 Be7
100. a3 Kc4 101. Kg6 Kb3 102. Kxh5 Kxa3 103. Kg4 Bxb4 104. Bxb4+ Kxb4 105. h4
Ka4 106. h5 b4 107. h6 b3 108. h7 b2 109. h8=Q b1=Q 110. Qe8+ Qb5 111. Qf7 Qb3
112. Qf1 Qe6+ 113. Kg3 Qe5+ 114. Kh4 a5 115. Qc4+ Ka3 116. Qc1+ Kb4 117. Qd2+
Qc3 118. Qd6+ Kb3 119. Qd1+ Ka3 120. Kh5 a4 121. Qd6+ Kb2 122. Qh2+ Qc2 123.
Qe5+ Ka2 124. Qd5+ Qb3 125. Qd2+ Kb1 126. Qe1+ Kc2 127. Qe2+ Kc1 128. Kh4 Qb4+
129. Kh5 Qc5+ 130. Kh6 Qc6+ 131. Kg5 Qd5+ 132. Kg6 Qg8+ 133. Kh6 Qh8+ 134. Kg6
Qc3 135. Qf1+ Kb2 136. Qb5+ Qb3 137. Qe5+ Qc3 138. Qb5+ Ka3 139. Qb1 Qb2 140.
Qd3+ Ka2 141. Qc4+ Qb3 142. Qe2+ Ka1 143. Qe5+ Qb2 144. Qa5 a3 145. Kf7 Kb1 146.
Ke7 Kc2 147. Kf7 Qc3 148. Qf5+ Kc1 149. Qf1+ Kd2 150. Qf2+ Kd3 151. Qf3+ Kd4
152. Qf4+ Kd5 153. Qf5+ Kc4 154. Qe4+ Kb3 155. Qb1+ Qb2 156. Qd3+ Kb4 157. Qd6+
Kc4 158. Qc6+ Kd4 159. Qd6+ Ke4 160. Qe6+ Kf4 161. Qc4+ Kg5 162. Qd5+ Kg4 163.
Qe4+ Kg3 164. Qe3+ Kg2 165. Qe4+ Kf1 166. Qd3+ Ke1 167. Qe3+ Kd1 168. Qd3+ Kc1
169. Qe3+ Kb1 170. Qd3+ Ka2 171. Ke8 Qe5+ 172. Kf8 Qb8+ 173. Ke7 Qa7+ 174. Kf8
Qc5+ 175. Ke8 Kb2 176. Qd2+ Kb3 177. Qd3+ Ka4 178. Qd1+ Ka5 179. Qd8+ Kb4 180.
Qd2+ Kb5 181. Qd3+ Kb6 182. Qd8+ Kb7 183. Qd7+ Kb8 184. Qa4 Qe5+ 185. Kf8 Qf6+
186. Kg8 Qe6+ 187. Kh8 a2 188. Qb5+ Kc7 189. Qc5+ Kd7 190. Qa7+ Ke8 191. Qb8+
Ke7 192. Qc7+ Kf6 193. Qf4+ Kg6 194. Qg3+ Kf7 195. Qg8+ Ke7 196. Qg7+ Kd8 197.
Qd4+ Ke8 198. Qa4+ Kf7 199. Qa7+ Kf8 200. Qb8+ Qe8 201. Qb4+ Kf7+ 202. Kh7
{White resigns} 0-1